 Dungeon Crawl Stone Soup version 0.30-a0-715-gdb4ae3ece1 (webtiles) character file.

Game seed: 1441035021379760475

403027 drugrobin the Wrestler (level 21, -1/207 HPs)
             Began as a Demigod Delver on Jan 24, 2023.
             Slain by an unseen horror (6 damage)
             ... on level 2 of the Depths on Jan 25, 2023.
             The game lasted 03:14:30 (70135 turns).

drugrobin the Wrestler (Demigod Delver)            Turns: 70135, Time: 03:14:31

Health: -1/207     AC: 29    Str: 31    XL:     21   Next: 37%
Magic:  38/38      EV: 14    Int: 28    God:
Gold:   1978       SH:  6    Dex: 21    Spells: 2/36 levels left

rFire   + . .      SeeInvis .      - Unarmed
rCold   . . .      Faith    .    i - +2 buckler {rC+}
rNeg    . . .      Spirit   .    d - +18 Lear's hauberk
rPois   .          Reflect  .    (helmet currently unavailable)
rElec   .          Harm     .    D - +2 cloak {Will+}
rCorr   .          Rampage  .    (gloves currently unavailable)
Will    +++..                    (boots currently unavailable)
Stlth   +                        g - amulet "Foruin" {rF+ Regen+ Dex+4}
HPRegen 1.34/turn                T - ring of Ercheiph {EV+5 Slay+2}
MPRegen 0.26/turn                A - +6 ring of strength

@: about to teleport, studying 2 skills
A: high MP 1, forlorn, divine attributes, thin skeletal structure 1, cold
vulnerability 1
}: 2/15 runes: barnacled, gossamer
a: no special abilities


You were on level 2 of the Depths.
You visited 9 branches of the dungeon, and saw 40 of its levels.
You also visited: Bailey.

You collected 4542 gold pieces.
You spent 2564 gold pieces at shops.

Inventory:

Hand Weapons
 b - a +2 dagger of venom
 c - a +2 sling of draining
Missiles
 z - 2 throwing nets
 B - 20 silver javelins (quivered)
 E - 3 curare-tipped darts
Armour
 d - the +18 Lear's hauberk (worn)
   (You found it on level 6 of the Dungeon)
 i - a +2 buckler of cold resistance (worn)
 D - a +2 cloak of willpower (worn)
Jewellery
 g - the amulet "Foruin" (around neck) {rF+ Regen+ Dex+4}
   (You took it off a deep elf death mage on level 3 of the Elven Halls)

   [amulet of regeneration]

   Dex:       It affects your dexterity (+4).
   rF:        It protects you from fire.
   Regen:     It increases your rate of health regeneration.
 l - a ring of protection from cold
 x - a ring of see invisible
 A - a +6 ring of strength (right hand)
 O - a ring of protection from cold
 T - the ring of Ercheiph (left hand) {EV+5 Slay+2}
   (You took it off a deep elf blademaster on level 3 of the Elven Halls)

   [ring of evasion]

   EV:        It affects your evasion (+5).
   Slay:      It affects your accuracy & damage with ranged weapons and melee
   (+2).
 Y - the amulet "Inebamn" {Reflect rN++ SH+5}
   (You found it on level 1 of the Vaults)

   [amulet of reflection]

   It reflects blocked missile attacks.
   rN:        It greatly protects you from negative energy.
   SH:        It affects your SH (+5).
 Z - the ring of Midwinter {rPois Will+ rCorr Dex+5}
   (You took it off a deep elf high priest on level 3 of the Elven Halls)

   [ring of resist corrosion]

   Dex:       It affects your dexterity (+5).
   rPois:     It protects you from poison.
   rCorr:     It protects you from acid and corrosion.
   Will:      It increases your willpower.
Wands
 f - a wand of digging (20)
 h - a wand of paralysis (6)
 k - a wand of flame (29)
 n - a wand of polymorph (14)
 y - a wand of quicksilver (31)
 K - a wand of mindburst (14)
 L - a wand of roots (27)
Scrolls
 q - 9 scrolls of teleportation
 r - 11 scrolls of poison
 s - 8 scrolls of blinking
 u - 7 scrolls of vulnerability
 v - 4 scrolls of fog
 w - 8 scrolls of silence
 I - 2 scrolls of summoning
 M - 2 scrolls of fear
 R - 6 scrolls of magic mapping
 S - 8 scrolls of immolation
Potions
 a - 11 potions of attraction
 e - 23 potions of curing
 j - 6 potions of lignification
 p - 7 potions of haste
 t - 4 potions of invisibility
 C - 10 potions of ambrosia
 F - 6 potions of might
 G - 7 potions of heal wounds
 Q - 4 potions of berserk rage
 U - a potion of magic
 V - 5 potions of cancellation
Miscellaneous
 o - a piece from Xom's chessboard (15/15)
 H - a condenser vane
 J - a tin of tremorstones (2/2)
 N - a lightning rod (4/4)
 P - a phantom mirror
 X - a box of beasts


   Skills:
 + Level 22.3 Fighting
 - Level 1.7 Dodging
 - Level 4.5 Stealth
 + Level 23.0 Unarmed Combat
 - Level 8.0 Spellcasting
 - Level 18.0 Transmutations
 + Level 8.6 Evocations


You had 2 spell levels left.
You knew the following spells:

 Your Spells              Type           Power      Damage    Failure   Level
a - Blink                 Tloc           22%        N/A       50%         2
b - Wereblood             Tmut           84%        N/A       1%          2
c - Blade Hands           Tmut           42%        N/A       1%          5
d - Petrify               Tmut/Erth      57%        N/A       9%          4
e - Dragon Form           Tmut           42%        N/A       19%         7
f - Ice Form              Ice/Tmut       57%        N/A       9%          4
g - Irradiate             Conj/Tmut      28%        3d21      26%         5
h - Yara's Violent Unrav  Hex/Tmut       28%        3d12      26%         5

Your spell library contained the following spells:

 Spells                   Type           Power      Damage    Failure   Level
 Sting                    Tmut/Pois      100%       1d8       1%          1
 Freeze                   Ice            44%        1d6       36%         1
 Kiss of Death            Conj/Necr      44%        2d8       36%         1
 Necrotise                Necr           44%        1d6       36%         1
 Ensorcelled Hibernation  Hex/Ice        22%        N/A       50%         2
 Poisonous Vapours        Pois/Air       22%        N/A       50%         2
 Sublimation of Blood     Necr           11%        N/A       50%         2
 Spider Form              Tmut/Pois      57%        N/A       2%          3
 Ignite Poison            Fire/Tmut/Pois 44%        N/A       10%         3
 Confusing Touch          Hex            11%        N/A       73%         3
 Dazzling Flash           Conj/Hex       22%        N/A       73%         3
 Frozen Ramparts          Ice            22%        1d4       73%         3
 Hailstorm                Conj/Ice       11%        3d5       73%         3
 Kindle Blastsparks       Fire/Tloc/Air  22%        2d11      73%         3
 Mephitic Cloud           Conj/Pois/Air  11%        N/A       73%         3
 Portal Projectile        Hex/Tloc       22%        N/A       73%         3
 Tukima's Dance           Hex            11%        N/A       73%         3
 Vampiric Draining        Necr           11%        2d6       73%         3
 Statue Form              Tmut/Erth      38%        N/A       80%         6
 Anguish                  Hex/Necr       5%         N/A       98%         4
 Animate Armour           Summ/Erth      22%        N/A       98%         4
 Cause Fear               Hex            5%         N/A       98%         4
 Dispel Undead            Necr           11%        3d9       98%         4
 Iskenderun's Mystic Bla  Conj/Tloc      11%        2d4       98%         4
 Leda's Liquefaction      Hex/Erth       5%         N/A       98%         4
 Manifold Assault         Tloc           11%        N/A       98%         4
 Olgreb's Toxic Radiance  Pois           11%        N/A       98%         4
 Passage of Golubria      Tloc           11%        N/A       98%         4
 Sticky Flame             Conj/Fire      11%        2d3       98%         4
 Summon Lightning Spire   Summ/Air       11%        N/A       98%         4
 Agony                    Necr           11%        N/A       100%        5
 Freezing Cloud           Conj/Ice/Air   5%         6-21      100%        5
 Lee's Rapid Deconstruct  Erth           5%         3d6*      100%        5
 Silence                  Hex/Air        5%         N/A       100%        5
 Simulacrum               Ice/Necr       5%         N/A       100%        6
 Starburst                Conj/Fire      5%         6d4       100%        6
 Enfeeble                 Hex            5%         N/A       100%        7
 Haunt                    Necr/Summ      5%         N/A       100%        7
 Malign Gateway           Summ/Tloc      5%         N/A       100%        7
 Ozocubu's Refrigeration  Ice            5%         4d8       100%        7
 Storm Form               Tmut/Air       28%        N/A       100%        7
 Summon Hydra             Summ           5%         N/A       100%        7
 Ignition                 Fire           5%         3d4       100%        8
 Lehudib's Crystal Spear  Conj/Erth      5%         10d3      100%        8
 Maxwell's Capacitive Co  Air            5%         ∞         100%        8
 Summon Horrible Things   Summ           5%         N/A       100%        8
 Dragon's Call            Summ           5%         N/A       100%        9
 Polar Vortex             Ice            5%         N/A       100%        9


Dungeon Overview and Level Annotations

Branches:
Dungeon (15/15)            Temple (0/1) D:7            Lair (5/5) D:11
 Shoals (4/4) Lair:2       Spider (4/4) Lair:2        Slime (0/5) Lair:4
    Orc (2/2) D:11            Elf (3/3) Orc:2        Vaults (4/5) D:14
  Crypt (0/3) Vaults:3     Depths (2/4) D:15           Hell (visited)
 Bailey (visited)
    Dis: Hell:1         Geh: Hell:1         Coc: Hell:1         Tar: Hell:1

Shops:
D:12 (   D:14 !   Orc:1 [   Orc:2 (*[=   Elf:1 =   Elf:2 (!=   Shoals:3 (
Shoals:4 *   Vaults:2 :   Vaults:3 ?

Portals:
Hell: Depths:1
Pandemonium: Depths:2
Ziggurat: Depths:1

Annotations:
Shoals:2 2 transporters, exclusion: orange crystal statue
Shoals:4 sirJeffrey23's ghost, adept HOFi
Elf:2 1 runed translucent door
Vaults:1 3 runed translucent doors, Olyjoun's ghost, adept GnHW
Vaults:2 3 runed translucent doors, Ixoes's ghost, veteran DgFi
Hell Geryon


Innate Abilities, Weirdness & Mutations

You have an increased reservoir of magic. (+10% MP)
You shall have no god before yourself.
Your divine heritage dramatically boosts your attributes as you level up.
You have a somewhat thin skeletal structure. (Dex +2, Stealth+)
You are vulnerable to cold. (rC-)


Message History

Unknown command.
Unknown command.
Unknown command.
The ice dragon attacks as you move away!
The ice dragon barely misses you. x2; You block the ice dragon's attack.
The sphinx mumbles some strange words.
Something smites you!
* * * LOW HITPOINT WARNING * * *
Unknown command.
Unknown command.
Unknown command.
The storm dragon attacks as you move away!
The storm dragon bites you but does no damage.
The storm dragon claws you!
* * * LOW HITPOINT WARNING * * *
The storm dragon tramples you but does no damage.
Your surroundings suddenly seem different.
A fire dragon and a frost giant come into view.
The frost giant is wielding a +1 battleaxe of freezing.
The fire dragon roars deafeningly!
The frost giant shouts!
You hear a screech!
You hear a deafening roar!
A large abomination comes into view.
A chaos spawn comes into view.
Unknown command.
Unknown command.
Unknown command.
Unknown command.
As you read the scroll of teleportation, it crumbles to dust.
You feel strangely unstable.
The frost giant gestures at you while chanting.
The bolt of cold hits you!!
* * * LOW HITPOINT WARNING * * *
Unknown command.
Unknown command.
Blink to where?
Press: ? - help, Dir - move target
As you read the scroll of blinking, it crumbles to dust.
You hear a grinding noise.
Something hits you.
You die...

...........#..........###......##
.........#....##......##...#####
.......#....##...............#
...(#..#...#..........#.......#
...#..#....#..#.....####....###
......#...#..#.>..##..#...#.#
...[##....#.##...#....#...###
..##............(....#...## .
.....##.....@#...#...# .
....##.....(..#..#...##
..#.........[#......# .
.#..#.#....#....#. ..
#..#....#).#...## #
...#.......#..#.<##
.4...^.#.....#...#
.......#D....#.###
........X....#...#


You could see a fire dragon.

Vanquished Creatures
  Mara (Spider:3)
  Xtahua (Vaults:4)
  Bai Suzhen (Spider:4)
  Nikola (Spider:3)
  Jory (Vaults:3)
  Arachne (Spider:2)
  Jorgrun (Spider:2)
  Zenata (Vaults:4)
  A lich (Vaults:2)
  A quicksilver dragon (Depths:2)
  Mlioglotl (Spider:3)
  2 deep elf blademasters (Elf:3)
  A titan (Vaults:3)
  A deep elf master archer (Elf:3)
  4 sphinxes
  Agnes (Lair:2)
  A storm dragon (Vaults:2)
  A shadow dragon (Depths:2)
  Kirke (Shoals:2)
  3 tengu reavers
  A revenant (Vaults:1)
  The ghost of Zoap the Impregnable, a journeyman MiBe of Trog (Orc:1)
  The ghost of Zoap the Impregnable, a journeyman MiBe of Trog (Orc:1)
  Roxanne (Spider:3)
  Ilsuiw (Shoals:2)
  A fire giant (Depths:2)
  5 frost giants
  5 ghost moths
  12 deep elf sorcerers
  Louise (Spider:4)
  Aizul (Spider:1)
  8 emperor scorpions
  The ghost of drugrobin the Black Belt, a journeyman DgDe (Shoals:1)
  11 vault wardens
  An orc warlord (Orc:2)
  10 very ugly things
  6 deep elf elementalists (Elf:3)
  11 stone giants
  3 broodmothers
  5 ironbound thunderhulks
  17 ironbound preservers
  5 deep elf demonologists
  Azrael (Spider:2)
  7 dire elephants
  A spark wasp (Spider:3)
  4 deep elf annihilators
  2 crystal guardians
  7 merfolk impalers
  3 deep elf death magi (Elf:3)
  5 ettins
  5 fire dragons
  5 deep elf high priests
  Josephine (Lair:3)
  2 entropy weavers
  5 merfolk javelineers
  7 great orbs of eyes
  15 yaktaur captains
  A caustic shrike simulacrum (Depths:2)
  4 rakshasas
  2 peacekeepers
  A juggernaut simulacrum (Depths:2)
  A spriggan air mage (Depths:2)
  Erolcha (D:12)
  13 vault guards
  6 centaur warriors
  15 hydras
  A catoblepas (D:13)
  7 ironbound frosthearts
  A jorogumo (Spider:3)
  5 ice dragons
  4 tengu warriors
  4 merfolk avatars
  2 radroaches
  2 boulder beetles
  40 dancing weapons
  An alligator snapping turtle (Shoals:3)
  A satyr (Shoals:2)
  2 two-headed ogres
  5 deep troll shamans
  8 death yaks (Lair:4)
  2 merfolk aquamancers
  2 orc high priests
  4 deep troll earth magi
  Urug (Orc:1)
  A spriggan berserker (Depths:2)
  A spriggan (Depths:2)
  Nergalle (Orc:2)
  19 deep elf knights
  An iron troll (Depths:2)
  A soul eater (Depths:1)
  3 sun demons
  A sun moth (Spider:2)
  A goliath frog (Lair:5)
  12 sea snakes
  52 deep trolls
  A glowing orange brain (Vaults:1)
  5 pharaoh ants
  9 lindwurms
  16 orb spiders
  20 ironbound convokers
  16 harpies
  5 necromancers
  13 wizards
  18 deep elf archers
  25 deep elf pyromancers
  34 deep elf zephyrmancers
  7 steelbarb worms
  5 orc knights
  A harpy (shapeshifter) (Elf:1)
  A phantasmal warrior (Vaults:2)
  4 cyclopes
  3 oklob plants
  24 wolf spiders
  6 fauns
  31 ugly things
  20 manticores
  A fire giant zombie (Depths:1)
  5 orc sorcerers (Orc:2)
  A tengu skeleton (Depths:2)
  A sphinx skeleton (Depths:1)
  An iron dragon skeleton (Depths:2)
  10 elephants
  5 black mambas
  16 merfolk sirens
  5 demonic crawlers
  A centaur zombie (Hell)
  A frost giant skeleton (Depths:2)
  6 water nymphs
  3 torpor snails
  22 cane toads
  24 vault sentinels
  4 rime drakes
  9 komodo dragons
  2 efreet
  A kobold demonologist (D:13)
  2 unseen horrors
  10 yaktaurs
  A golden dragon simulacrum (Hell)
  An ice devil (Depths:1)
  4 tengu conjurers
  A polar bear (Lair:4)
  6 meliai
  6 wind drakes
  2 spriggan skeletons
  12 trolls
  38 merfolk
  3 tyrant leeches (Lair:5)
  9 hornets
  27 tarantellas
  A hydra skeleton (Hell)
  21 blink frogs
  A stone giant simulacrum (Depths:1)
  10 snapping turtles
  26 slime creatures
  5 air elementals
  39 jumping spiders
  Sigmund (D:3)
  30 culicivoras
  A vampire (D:9)
  16 water elementals
  2 shadows
  5 wraiths
  5 wyverns
  6 fire elementals
  3 basilisks
  46 yaks
  A steam dragon (D:8)
  3 hogs (Shoals:2)
  7 vampire mosquitoes
  A chaos spawn (Depths:2)
  39 redbacks
  5 wargs
  Edmund (D:3)
  A swamp worm (Spider:4)
  15 water moccasins
  3 hell hounds
  2 ice beasts
  40 orc warriors
  2 sky beasts (D:6)
  16 centaurs
  9 ogres
  4 boggarts (Vaults:2)
  3 wolves (Lair:5)
  2 kobold brigands
  19 bullfrogs
  A necrophage (D:7)
  A gnoll sergeant (D:4)
  2 scorpions
  A small abomination (Depths:2)
  3 earth elementals
  4 wights (D:7)
  9 killer bees
  A howler monkey (D:13)
  An electric eel (Lair:5)
  2 hounds
  3 jellies (Lair:4)
  12 orc priests
  A gnoll bouda (D:9)
  Jessica (D:2)
  Ijyb (D:3)
  Natasha (thrice) (D:3)
  8 iguanas
  32 orc wizards
  3 wolf simulacra (Lair:2)
  2 polar bear simulacra (Lair:2)
  2 yak simulacra (Lair:2)
  Robin (D:2)
  16 gnolls
  9 adders
  2 shadow imps
  A white imp (D:6)
  An ufetubus (D:4)
  A worm (D:4)
  5 dart slugs
  95 orcs
  7 bats
  9 endoplasms
  A giant cockroach (D:3)
  12 goblins
  11 hobgoblins
  3 jackals (D:1)
  6 quokkas
  3 training dummies (Shoals:3)
  11 ball pythons
  3 frilled lizards (D:1)
  11 kobolds
  8 rats
  4 river rat simulacra (Lair:2)
1641 creatures vanquished.

Vanquished Creatures (collateral kills)
  A stone giant (Vaults:2)
  A vault sentinel (Vaults:2)
2 creatures vanquished.

Vanquished Creatures (others)
  An ironbound preserver (Vaults:3)
  A wizard (Vaults:4)
  A yaktaur (Vaults:2)
  A human (Shoals:2)
  An orc (D:12)
  23 fungi
  161 plants
  6 withered plants (Orc:1)
195 creatures vanquished.

Grand Total: 1838 creatures vanquished

Notes
Turn   | Place    | Note
-------+----------+-------------------------------------------
     0 | D:5      | drugrobin the Demigod Delver began the quest for the Orb.
     0 | D:5      | Reached XP level 1. HP: 18/18 MP: 3/3
   114 | D:5      | Noticed an ice beast
   150 | D:5      | Noticed a scorpion
   167 | D:6      | Found the +18 Lear's hauberk
   170 | D:6      | Noticed an iguana
   315 | D:4      | Reached skill level 2 in Unarmed Combat
   346 | D:4      | Reached XP level 2. HP: 25/25 MP: 4/4
   420 | D:4      | Reached skill level 3 in Unarmed Combat
   420 | D:4      | Reached XP level 3. HP: 29/30 MP: 5/5
   838 | D:1      | Reached skill level 4 in Unarmed Combat
   996 | D:1      | Reached XP level 4. HP: 37/37 MP: 6/6
  1315 | D:2      | Noticed Jessica
  1321 | D:2      | Killed Jessica
  1381 | D:2      | Noticed Robin
  1392 | D:2      | Killed Robin
  1785 | D:2      | Reached skill level 5 in Unarmed Combat
  2220 | D:3      | Reached XP level 5. HP: 42/42 MP: 7/7
  2385 | D:3      | Noticed Sigmund
  2407 | D:3      | Killed Sigmund
  2408 | D:3      | Reached skill level 6 in Unarmed Combat
  2408 | D:3      | Reached XP level 6. HP: 36/50 MP: 8/8
  2554 | D:3      | Noticed Natasha
  2557 | D:3      | Killed Natasha
  2620 | D:3      | Noticed Natasha
  2632 | D:3      | Killed Natasha
  2665 | D:3      | Noticed Natasha
  2671 | D:3      | Killed Natasha
  2845 | D:3      | Noticed Ijyb
  2932 | D:4      | Noticed Edmund
  2953 | D:3      | Killed Edmund
  2954 | D:3      | Reached skill level 7 in Unarmed Combat
  3096 | D:4      | Reached XP level 7. HP: 54/54 MP: 9/9
  3307 | D:4      | Reached skill level 8 in Unarmed Combat
  3702 | D:5      | Reached skill level 9 in Unarmed Combat
  3960 | D:5      | Reached XP level 8. HP: 62/62 MP: 10/10
  4506 | D:6      | Reached skill level 10 in Unarmed Combat
  4921 | D:6      | Found the +1 Delatra's gloves {ID++}
  5166 | D:6      | Reached skill level 11 in Unarmed Combat
  5409 | D:7      | Learned a level 2 spell: Blink
  5442 | D:7      | Reached XP level 9. HP: 62/68 MP: 11/11
  5680 | D:7      | Reached skill level 12 in Unarmed Combat
  5685 | D:7      | Found a staircase to the Ecumenical Temple.
  6132 | D:8      | Noticed a two-headed ogre
  6835 | D:9      | Reached skill level 1 in Evocations
  6988 | D:9      | Found a flagged portal.
  7003 | Bailey   | Entered a bailey
  7414 | Bailey   | Reached skill level 13 in Unarmed Combat
  7740 | Bailey   | Reached XP level 10. HP: 51/78 MP: 13/13
  9393 | D:10     | Entered Level 10 of the Dungeon
  9449 | D:10     | Reached skill level 5 in Fighting
  9712 | D:10     | Noticed a two-headed ogre
  9723 | D:10     | Killed a two-headed ogre
  9724 | D:10     | Reached skill level 14 in Unarmed Combat
  9900 | D:10     | Noticed an eight-headed hydra
  9908 | D:10     | Killed an eight-headed hydra
 11192 | D:11     | Noticed a manticore
 11211 | D:11     | Killed a manticore
 11300 | D:11     | Reached XP level 11. HP: 86/89 MP: 14/14
 11643 | D:11     | Found a staircase to the Orcish Mines.
 11937 | D:11     | Found a staircase to the Lair.
 11948 | Lair:1   | Entered Level 1 of the Lair of Beasts
 12006 | Lair:1   | Identified the +4 glaive of Asuf {antimagic, rPois rC+
                  | Str+2}
 12076 | Lair:1   | Reached skill level 15 in Unarmed Combat
 12477 | Lair:1   | Identified the +5 plate armour "Comel" {Regen+ rCorr}
 13125 | Lair:2   | Found a hole to the Spider Nest.
 13191 | Lair:2   | Noticed a six-headed hydra
 13278 | Lair:2   | You fall into a shaft and drop 2 floors!
 13298 | Lair:3   | Reached skill level 16 in Unarmed Combat
 13581 | Lair:3   | Reached XP level 12. HP: 76/102 MP: 15/15
 13901 | Lair:2   | Killed a six-headed hydra
 13957 | Lair:2   | Found a staircase to the Shoals.
 14656 | Lair:3   | Noticed a six-headed hydra
 14665 | Lair:2   | Killed a six-headed hydra
 14739 | Lair:3   | Reached skill level 17 in Unarmed Combat
 14825 | Lair:3   | Noticed Josephine
 14866 | Lair:3   | Killed Josephine
 15441 | Lair:3   | Noticed a seven-headed hydra
 15448 | Lair:3   | Killed a seven-headed hydra
 15858 | Lair:4   | Found a staircase to the Slime Pits.
 15897 | Lair:4   | Noticed a five-headed hydra
 15903 | Lair:4   | Killed a five-headed hydra
 16249 | Lair:4   | Noticed a five-headed hydra
 16285 | Lair:4   | Killed a five-headed hydra
 16286 | Lair:4   | Reached skill level 10 in Fighting
 16307 | Lair:4   | Noticed an eight-headed hydra
 16315 | Lair:4   | Killed an eight-headed hydra
 16566 | Lair:4   | Noticed an eight-headed hydra
 16573 | Lair:4   | Killed an eight-headed hydra
 16574 | Lair:4   | Reached skill level 18 in Unarmed Combat
 16574 | Lair:4   | Reached XP level 13. HP: 96/113 MP: 16/16
 16925 | Lair:5   | Entered Level 5 of the Lair of Beasts
 18653 | Lair:4   | Reached skill level 19 in Unarmed Combat
 19539 | Lair:5   | Identified the +7 scale mail "Enakk" {Str+2 Stlth+}
 19881 | Orc:1    | Entered Level 1 of the Orcish Mines
 20064 | Orc:1    | Noticed Urug
 20242 | Orc:1    | Killed Urug
 20287 | Orc:1    | Found a runed translucent gate.
 20288 | Orc:1    | Found a runed translucent gate.
 20289 | Orc:1    | Found a runed translucent gate.
 20290 | Orc:1    | Found Peicyl's Antique Armour Shoppe.
 20290 | Orc:1    | Noticed Zoap's ghost (journeyman MiBe)
 20290 | Orc:1    | Noticed Zoap's ghost (journeyman MiBe)
 20475 | Orc:1    | Bought a silken robe for 148 gold pieces
 20475 | Orc:1    | Identified the +1 robe "Xautess" {Dex+3 SInv} (You bought
                  | it in a shop on level 1 of the Orcish Mines)
 20563 | Orc:2    | Entered Level 2 of the Orcish Mines
 20598 | Orc:2    | Reached XP level 14. HP: 125/125 MP: 17/17
 21025 | Orc:2    | Noticed an orc warlord
 21041 | Orc:2    | Killed an orc warlord
 21059 | Orc:2    | Reached skill level 20 in Unarmed Combat
 21242 | Orc:2    | Found a staircase to the Elven Halls.
 21242 | Orc:2    | Noticed Nergalle
 21254 | Orc:2    | Killed Nergalle
 21476 | Orc:2    | Found Eguthref's Antique Armour Boutique.
 21514 | Orc:2    | Found Goced's Antique Weapon Boutique.
 21642 | Orc:2    | Found Lubuutos's General Store.
 21648 | Orc:2    | Bought a scroll of identify for 30 gold pieces
 21648 | Orc:2    | Bought a scroll of identify for 30 gold pieces
 21648 | Orc:2    | Bought a scroll of identify for 30 gold pieces
 21651 | Orc:2    | Bought a potion of curing for 45 gold pieces
 21651 | Orc:2    | Bought a scroll of fear for 60 gold pieces
 21651 | Orc:2    | Bought a phantom mirror for 600 gold pieces
 21765 | Orc:2    | Found Uturoet's Jewellery Boutique.
 22242 | D:12     | Found Comuomes's Weapon Emporium.
 22254 | D:12     | Noticed Erolcha
 22272 | D:12     | Killed Erolcha
 23936 | D:14     | Found a gate to the Vaults.
 24370 | D:14     | Found Konap's Distillery.
 24536 | D:15     | Entered Level 15 of the Dungeon
 24859 | D:14     | Bought 2 potions of berserk rage for 170 gold pieces
 24859 | D:14     | Bought a potion of heal wounds for 85 gold pieces
 24859 | D:14     | Bought a potion of curing for 51 gold pieces
 24859 | D:14     | Bought a potion of might for 68 gold pieces
 24859 | D:14     | Bought a potion of curing for 51 gold pieces
 25221 | D:15     | Reached skill level 15 in Fighting
 25483 | D:15     | Found a staircase to the Depths.
 25533 | D:15     | Reached XP level 15. HP: 138/141 MP: 18/18
 26638 | D:3      | Killed Ijyb
 27033 | Shoals:1 | Entered Level 1 of the Shoals
 27048 | Shoals:1 | Found a runed translucent door.
 27079 | Shoals:1 | Noticed drugrobin's ghost (journeyman DgDe)
 28664 | Shoals:1 | Learned a level 2 spell: Wereblood
 28686 | Shoals:1 | Killed drugrobin's ghost
 28849 | Shoals:2 | Reached skill level 1 in Transmutations
 29234 | Shoals:2 | Found a transporter.
 29234 | Shoals:2 | Found a transporter.
 29377 | Shoals:2 | Noticed Kirke
 29414 | Shoals:2 | Killed Kirke
 29448 | Shoals:2 | Identified the +8 dagger of Yfoj {vamp, *Rage rElec rN+
                  | Int+2}
 29451 | Shoals:2 | Noticed Ilsuiw
 30417 | Shoals:2 | Killed Ilsuiw
 31685 | Shoals:3 | Reached skill level 5 in Transmutations
 33097 | Shoals:3 | Found Wylafel's Firing Range.
 33449 | Shoals:4 | Entered Level 4 of the Shoals
 34010 | Shoals:4 | Reached XP level 16. HP: 141/156 MP: 19/19
 34014 | Shoals:4 | Identified the +1 leather armour "Othrooly" {rElec}
 35277 | Shoals:4 | Found a runed translucent door.
 35279 | Shoals:4 | Noticed sirJeffrey23's ghost (adept HOFi)
 35348 | Shoals:4 | Found Jiviost's Gadget Gallery.
 36590 | Shoals:4 | Got a barnacled rune of Zot
 36857 | Shoals:4 | Bought a tin of tremorstones (2/2) for 480 gold pieces
 38425 | Vaults:1 | Entered Level 1 of the Vaults
 38768 | Vaults:1 | Reached skill level 10 in Transmutations
 39220 | Vaults:1 | Identified the amulet "Inebamn" {Reflect rN++ SH+5}
 40060 | Vaults:1 | Found a runed translucent gate.
 40060 | Vaults:1 | Found a runed translucent gate.
 40060 | Vaults:1 | Found a runed translucent gate.
 40061 | Vaults:1 | Noticed Olyjoun's ghost (adept GnHW)
 41412 | Vaults:2 | Noticed a sphinx
 42167 | Vaults:1 | Reached XP level 17. HP: 145/163 MP: 20/20
 42423 | Vaults:2 | Found Xuty's Book Shop.
 42429 | Vaults:2 | Bought a book of Weapons for 392 gold pieces
 42435 | Vaults:2 | Learned a level 5 spell: Blade Hands
 43176 | Vaults:2 | Noticed a lich
 43178 | Vaults:2 | Killed a lich
 43630 | Vaults:2 | Found a runed translucent gate.
 43632 | Vaults:2 | Found a runed translucent gate.
 43632 | Vaults:2 | Found a runed translucent gate.
 43634 | Vaults:2 | Noticed Ixoes's ghost (veteran DgFi)
 44124 | Vaults:2 | Reached skill level 15 in Transmutations
 44474 | Vaults:3 | Found Ybrabrup's Magic Scroll Emporium.
 44994 | Vaults:2 | HP: 5/166 [poisoned by a green very ugly thing]
 45766 | Vaults:3 | Noticed a titan
 45779 | Vaults:3 | Killed a titan
 45940 | Vaults:3 | Learned a level 4 spell: Petrify
 46068 | Vaults:3 | Identified the +1 flail of Wariness {flame, rElec Will+
                  | Str+2 Dex-5}
 46116 | Vaults:3 | Reached XP level 18. HP: 120/174 MP: 18/21
 47118 | Vaults:3 | Found a staircase to the Crypt.
 47567 | Vaults:3 | Noticed Jory
 47593 | Vaults:3 | Killed Jory
 48237 | Vaults:4 | Reached skill level 1 in Spellcasting
 48265 | Vaults:4 | Noticed Zenata
 48347 | Vaults:4 | Killed Zenata
 50498 | Vaults:4 | Noticed Xtahua
 50522 | Vaults:4 | Killed Xtahua
 51641 | Vaults:4 | Learned a level 7 spell: Dragon Form
 52078 | Lair:1   | Acquired the ring "Kumicw" {Wiz +Blink Str-3 Slay+3}
 52184 | Orc:1    | Killed Zoap's ghost
 52187 | Orc:1    | Killed Zoap's ghost
 52586 | Spider:1 | Entered Level 1 of the Spider Nest
 52661 | Spider:1 | Noticed Agnes
 52680 | Lair:2   | Killed Agnes
 53842 | Spider:1 | Noticed Aizul
 54060 | Spider:1 | Killed Aizul
 54480 | Spider:1 | Reached XP level 19. HP: 75/184 MP: 21/27
 56632 | Spider:2 | Noticed Jorgrun
 56771 | Spider:1 | Gained mutation: You have hidden genetic defects.
                  | [mutagenic glow]
 56856 | Spider:2 | Killed Jorgrun
 56873 | Spider:2 | Noticed Azrael
 57264 | Shoals:1 | Lost mutation: You have hidden genetic defects. [potion of
                  | mutation]
 57264 | Shoals:1 | Gained mutation: You have sharp toenails. [potion of
                  | mutation]
 57264 | Shoals:1 | Gained mutation: You are vulnerable to cold. (rC-) [potion
                  | of mutation]
 57264 | Shoals:1 | Gained mutation: You are frail. (-10% HP) [potion of
                  | mutation]
 57264 | Shoals:1 | Gained mutation: Your spells are a little harder to cast,
                  | but a little more powerful. [potion of mutation]
 57265 | Shoals:1 | Lost mutation: Your spells are a little harder to cast, but
                  | a little more powerful. [potion of mutation]
 57265 | Shoals:1 | Lost mutation: You are frail. (-10% HP) [potion of
                  | mutation]
 57265 | Shoals:1 | Lost mutation: You have sharp toenails. [potion of
                  | mutation]
 57265 | Shoals:1 | Gained mutation: You have a somewhat thin skeletal
                  | structure. (Dex +2, Stealth+) [potion of mutation]
 57427 | Spider:2 | Learned a level 4 spell: Ice Form
 57552 | Spider:2 | Killed Azrael
 58047 | Spider:3 | Noticed Arachne
 58182 | Spider:2 | Killed Arachne
 58484 | Spider:3 | Noticed Mara
 58502 | Spider:3 | Noticed drugrobin's illusion
 58505 | Spider:3 | Killed Mara
 58622 | Spider:3 | Reached skill level 21 in Unarmed Combat
 59449 | Spider:3 | Noticed Roxanne
 59742 | Spider:3 | Killed Roxanne
 59743 | Spider:3 | Reached skill level 5 in Spellcasting
 59775 | Spider:4 | Entered Level 4 of the Spider Nest
 60056 | Spider:4 | Noticed Louise
 60067 | Spider:4 | Killed Louise
 60393 | Spider:4 | Noticed Nikola
 60426 | Spider:3 | Killed Nikola
 60583 | Spider:4 | Noticed Mlioglotl
 60669 | Spider:3 | Killed Mlioglotl
 60684 | Spider:4 | Noticed Bai Suzhen
 60695 | Spider:4 | Killed Bai Suzhen
 61371 | Spider:4 | Got a gossamer rune of Zot
 61766 | Elf:1    | Entered Level 1 of the Elven Halls
 61899 | Elf:1    | Found Dawiolip's Jewellery Shoppe.
 62345 | Elf:1    | Paralysed by an air elemental for 1 turns
 62349 | Elf:1    | Paralysed by an air elemental for 1 turns
 62565 | Elf:1    | Reached XP level 20. HP: 195/195 MP: 19/34
 63039 | Elf:1    | Paralysed by an air elemental for 1 turns
 63045 | Elf:1    | Paralysed by an air elemental for 1 turns
 63275 | Elf:2    | Paralysed by an air elemental for 1 turns
 63278 | Elf:2    | Paralysed by an air elemental for 1 turns
 63541 | Elf:2    | Found a runed translucent door.
 63565 | Elf:2    | Found a runed translucent door.
 63842 | Elf:2    | Found Karghunku's Weapon Shoppe.
 63870 | Elf:2    | Found Sojabe's Distillery.
 63878 | Elf:2    | Bought a potion of heal wounds for 90 gold pieces
 63878 | Elf:2    | Bought a potion of heal wounds for 90 gold pieces
 63878 | Elf:2    | Bought a potion of curing for 54 gold pieces
 63878 | Elf:2    | Bought a potion of heal wounds for 90 gold pieces
 63889 | Elf:2    | Paralysed by an air elemental for 1 turns
 63982 | Elf:2    | Found Xujuem's Jewellery Boutique.
 65129 | Elf:2    | Found a runed translucent door.
 65299 | Elf:2    | Found Karghunku's Weapon Shoppe.
 65331 | Elf:2    | Found Sojabe's Distillery.
 65551 | Elf:2    | Found Xujuem's Jewellery Boutique.
 65736 | Elf:3    | Entered Level 3 of the Elven Halls
 65807 | Elf:3    | Learned a level 5 spell: Irradiate
 66026 | Elf:3    | Reached skill level 22 in Unarmed Combat
 66465 | Elf:3    | Paralysed by an air elemental for 1 turns
 66642 | Elf:3    | Identified the ring of Midwinter {rPois Will+ rCorr Dex+5}
 66664 | Elf:3    | Identified the amulet "Foruin" {rF+ Regen+ Dex+4}
 66677 | Elf:3    | Identified the +6 glaive "Casuvya" {venom, Fly Int+3}
 66814 | Elf:3    | Identified the ring of Ercheiph {EV+5 Slay+2}
 66819 | Elf:3    | Identified the ring "Agoogi" {*Slow rPois Dex+4 Slay+3 SInv
                  | Stlth+}
 67349 | Elf:3    | Identified the amulet of Xivekk {RegenMP rF+}
 67441 | Elf:3    | Got the Codex of Production
 67503 | Elf:3    | Learned a level 5 spell: Yara's Violent Unravelling
 67508 | Elf:3    | Got the Lectures on the Polluted Crevasse
 67864 | Depths:1 | Entered Level 1 of the Depths
 68127 | Depths:1 | Found a one-way gateway to a ziggurat.
 68307 | Depths:1 | Reached skill level 5 in Evocations
 68514 | Depths:1 | Found a gateway to Hell.
 68620 | Hell     | Entered the Vestibule of Hell
 68620 | Hell     | Noticed Geryon
 68627 | Hell     | Reached XP level 21. HP: 206/206 MP: 27/38
 69047 | Depths:2 | Found a one-way gate leading to the halls of Pandemonium.
 69208 | Depths:2 | HP: 7/200 [caustic shrike simulacrum[a necromancer] (20)]
 70112 | Depths:2 | Reached skill level 23 in Unarmed Combat
 70133 | Depths:2 | HP: 2/207 [frost giant/bolt of cold (27)]
 70135 | Depths:2 | Slain by an unseen horror

Illustrated notes

Levels and vault maps discovered:
D:1:      ncdulo_watergridlock, layout_loops_cross
D:2:      layout_loops_ring, basic_altar, nrook_mini_backslash,
          minmay_misc_feat_rugged, hex_medium, uniq_jessica, uniq_robin
D:3:      layout_basic, wad_orctagon, uniq_ijyb, uniq_sigmund, uniq_natasha
D:4:      layout_gridville, hangedman_feature_mirror, wad_floor_pattern_2,
          uniq_edmund
D:5:      layout_basic, grunt_temple_overflow_open, kennysheep_minor_cross
D:6:      layout_rooms, good_gods_temple_1, mainiacjoe_overflow_alcove_1,
          chequers_arboretum, pf_guarded_unrand_delatra
D:7:      layout_cave_pools, minmay_temple_entry_grid
D:8:      layout_basic
D:9:      layout_stronghold, enter_bailey_5
D:10:     layout_layer_cave, corexii_leaking_fountain
D:11:     layout_loops_ring, lair_entry_dummy, david_orc_2
D:12:     layout_rooms, serial_shops, shop, grunt_decor_mini_mirrors,
          uniq_erolcha
D:13:     layout_loops_ring, grunt_decor_junction
D:14:     layout_irregular_city, erik_vaults_1, serial_column_ruins,
          column_ruins_hut_pillars, column_ruins_grid_1, column_ruins_grid_1,
          column_ruins_grid_4, column_ruins_columns_straight, serial_shops,
          nicolae_take_the_stairs, grunt_qazlal_clouds, grunt_gozag_breadcrumbs
D:15:     hangedman_depths_entry_civil_slaughter, layout_cave_pools,
          serial_park, serial_park_tiny_1, serial_park_square3
          [serial_park_minivault_5x5_2], serial_park_avenue1,
          nicolae_uskayaw_suspiria
Lair:1:   layout_loops_ring
Lair:2:   layout_hall_layers, minmay_shoals_entry_beasts,
          spider_nest_entry_rubble, eino_house_with_fridge
Lair:3:   layout_concentric_octagons, serial_bayou_crossing, uniq_josephine
Lair:4:   layout_cave_pods, nicolae_slime_entry_slimehenge,
          chequers_serial_rivers_room_a, minmay_holes
Lair:5:   minmay_lair_end_frog_pond, layout_misc_corridors
Shoals:1: layout_shoals, ebering_ghost_reflecting_pool,
          nicolae_shoals_this_corrosion
Shoals:2: gammafunk_sealed_arena, layout_shoals, nicolae_shoals_gull_way,
          uniq_kirke, uniq_ilsuiw
Shoals:3: layout_shoals, nicolae_shop_firing_range
Shoals:4: shoals_end_grunt_ice, layout_shoals, ebering_ghost_inner_flame,
          nicolae_shop_gadgets
Spider:1: layout_cave_pods, uniq_agnes, uniq_aizul
Spider:2: layout_spider_delve, drop_trap, uniq_azrael, uniq_jorgrun
Spider:3: layout_spider_delve, guppyfry_spider_mini_2, uniq_mara, uniq_arachne,
          uniq_roxanne
Spider:4: spider_rune_water, uniq_mlioglotl, uniq_louise, uniq_bai_suzhen,
          uniq_nikola
Orc:1:    layout_diamond_mine, basic_altar, serial_shops,
          nicolae_shop_hallway_stairs, gammafunk_ghost_cemetery, led_sif_book,
          uniq_urug
Orc:2:    grunt_orc_cross, layout_caves, mines3_lemuel
Elf:1:    eino_elf_arrival_shootout, layout_loops_corners, basic_altar,
          serial_shops, nicolae_shop_trees, hangedman_corner_corridor,
          st_stairs_13, nicolae_elf_crossing_hall
Elf:2:    nicolae_elf_blades_splatter_lattice
          [nicolae_blade_entry_splitting_headache], layout_loops_cross,
          serial_shops, shop_statue, shop_fountains, nicolae_stop_n_shop_1,
          minmay_misc_feat_diagonals, guppyfry_library_mini
Elf:3:    minmay_elf_hall_furrowed, layout_onion_city, basic_altar, minivault_19
Vaults:1: gammafunk_ghost_spectres, st_diamondy, vaults_room_fours,
          nicolae_vaults_three_branches, nicolae_vaults_specimen_jars,
          v_misc_11, vaults_dpeg_emergency_exit, v_misc_30, vaults_room_pool,
          layout_vaults_chaotic_city
Vaults:2: gammafunk_ghost_fury_of_okawaru, nicolae_vaults_hallways_thing,
          v_misc_30, v_misc_14, dpeg_vaults_waves, nicolae_vaults_what_the_h,
          hangedman_vaults_pinch, v_misc_22, v_pattern_2,
          hangedman_vaults_stitches, nicolae_vaults_shelves_hall,
          layout_vaults_omnibox, serial_shops, shop_fountains
Vaults:3: minmay_crypt_entry_necro_gods, st_check, v_rooms_1,
          hangedman_vaults_hat, ontoclasm_vaults_chip, grunt_vaults_bifocal,
          ontoclasm_vaults_ring_small, vaults_dpeg_hooks,
          dpeg_vaults_monster_row, vaults_dpeg_encased_lava,
          grunt_vaults_twisty, vaults_room_fours, layout_vaults_big_cross,
          serial_shops, shop, uniq_jory
Vaults:4: v_misc_10, nicolae_vaults_alarming, vaults_mumra_lcd,
          grunt_vaults_diagonal, vaults_room_guarded_vault, v_pattern_3,
          nicolae_vaults_mini_display_case, dpeg_vaults_monster_box,
          nicolae_vaults_asterisk, layout_vaults_omnigrid, uniq_zenata,
          uniq_xtahua
Depths:1: layout_cave_shapes, enter_ziggurat_e, hell_entry,
          minmay_strange_pillars, yredelemnul_altar_generic
Depths:2: lemuel_castle_with_subvaults [lemuel_castle_interior_carwin_1],
          layout_cave_pools, pan_entry, minmay_room_of_horrors,
          pf_dread_powers_of_hell, serial_sigils, serial_sigils_hangedman_gnaw,
          serial_sigils_hangedman_gut, serial_sigils_hangedman_snap,
          serial_sigils_hangedman_stare, kennysheep_generic_room_10
Hell

Skill      XL: |  1  2  3  4  5  6  7  8  9 10 11 12 13 14 15 16 17 18 19 20 21 |
---------------+----------------------------------------------------------------+-----
Unarmed Combat | 2 3 4 5 6 7 9 11 13 14 16 18 19 20 21 22 23 | 23.0
Fighting       | 3 6 8 10 11 15 17 18 19 20 21 22 | 22.3
Evocations     | 2 4 5 8 |  8.6
Transmutations | 6 12 16 17 18 | 18.0
Spellcasting   | 2 6 8 |  8.0
Dodging        | |  1.7
Stealth        | |  4.5

Action                     |  1- 3 |  4- 6 |  7- 9 | 10-12 | 13-15 | 16-18 | 19-21 || total
---------------------------+-------+-------+-------+-------+-------+-------+-------++-------
  Melee: Unarmed           |   110 |   201 |   399 |   568 |  1346 |  1691 |  1333 ||  5648
         Dagger            |       |       |    14 |       |       |    23 |       ||    37
         Trident           |       |       |       |    47 |       |       |       ||    47
         Punch             |       |       |       |       |       |    24 |    37 ||    61
         Tailslap          |       |       |       |       |       |     1 |    44 ||    45
         Bite              |       |       |       |       |       |       |    28 ||    28
   Fire: Sling             |       |    24 |   121 |    90 |    15 |     1 |       ||   251
  Throw: Javelin           |       |       |       |    24 |    13 |     3 |     9 ||    49
         Dart              |       |       |       |     1 |     2 |     3 |       ||     6
         Boomerang         |       |       |       |       |     8 |    27 |       ||    35
         Throwing net      |       |       |       |       |     1 |     1 |       ||     2
   Cast: Wereblood         |       |       |       |       |     1 |     3 |       ||     4
         Blade Hands       |       |       |       |       |       |     9 |       ||     9
         Petrify           |       |       |       |       |       |    16 |     2 ||    18
         Dragon Form       |       |       |       |       |       |     2 |    33 ||    35
         Ice Form          |       |       |       |       |       |       |    48 ||    48
         Irradiate         |       |       |       |       |       |       |     2 ||     2
Ability: Breathe Fire      |       |       |       |       |       |     2 |    36 ||    38
  Evoke: Wand              |       |       |     6 |    25 |    27 |    18 |     2 ||    78
         Piece from Xom's  |       |       |       |       |     1 |     2 |       ||     3
         Lightning rod     |       |       |       |       |       |     8 |       ||     8
         Tin of tremorston |       |       |       |       |       |     6 |       ||     6
         Condenser vane    |       |       |       |       |       |     4 |     3 ||     7
         Phantom mirror    |       |       |       |       |       |     2 |       ||     2
    Use: Scroll            |     1 |       |     1 |    15 |    16 |     8 |     6 ||    47
         Potion            |     1 |       |       |       |     6 |     7 |     7 ||    21
   Stab: Held in net/web   |       |       |       |       |     2 |     2 |       ||     4
         Paralysed         |       |       |       |       |     2 |     8 |       ||    10
         Sleeping          |       |       |       |       |       |     1 |     1 ||     2
         Petrified         |       |       |       |       |       |    13 |     6 ||    19
         Petrifying        |       |       |       |       |       |     2 |       ||     2
         Confused          |       |       |       |       |       |     1 |       ||     1
         Distracted        |       |       |       |       |       |       |     1 ||     1
 Armour: Chain mail        |    67 |   125 |   305 |   455 |   963 |   753 |   529 ||  3197
         Leather armour    |     1 |       |       |       |       |       |       ||     1
         Skin              |       |       |       |       |       |     6 |   218 ||   224
  Dodge: Dodged            |    39 |    59 |   157 |   239 |   544 |   676 |   727 ||  2441
  Block: Orb               |       |       |       |       |       |    33 |       ||    33
         Buckler           |       |       |       |       |       |   357 |   275 ||   632
         Reflection        |       |       |       |       |       |    18 |       ||    18
         Other             |       |       |       |       |       |    11 |     5 ||    16

Table legend: (Time is in decaauts)
 A = Elapsed time spent in this place.
 B = Non-inter-level travel time spent in this place.
 C = Inter-level travel time spent in this place.
 D = Time resting spent in this place.
 E = Time spent auto-exploring this place.
 F = Levels seen in this place.
 G = Mean time per level.
                   A        B        C        D        E       F      G
               +--------+--------+--------+--------+--------+-----+--------+
         Total |  69061 |  65120 |   3941 |  17089 |  32733 |  41 | 1684.4 |
       Dungeon |  15775 |  14227 |   1548 |   1252 |   9752 |  15 | 1051.7 |
          Lair |   8191 |   7595 |    596 |   1417 |   4605 |   5 | 1638.2 |
        Shoals |  11386 |  11079 |    307 |   4424 |   4642 |   4 | 2846.5 |
   Spider Nest |   8572 |   8173 |    399 |   3145 |   3170 |   4 | 2143.0 |
  Orcish Mines |   2412 |   2061 |    351 |    283 |   1135 |   2 | 1206.0 |
   Elven Halls |   5811 |   5473 |    338 |    321 |   3619 |   3 | 1937.0 |
        Vaults |  12864 |  12537 |    327 |   5034 |   4564 |   4 | 3216.0 |
        Depths |   2079 |   2007 |     72 |    690 |    715 |   2 | 1039.5 |
          Hell |     40 |     40 |      0 |      0 |      0 |   1 |   40.0 |
        Bailey |   1926 |   1926 |      0 |    521 |    530 |   1 | 1926.0 |
               +--------+--------+--------+--------+--------+-----+--------+

Top non-repeatable levels by time:
Shoals:3: 3881 daAuts
Spider:1: 3745 daAuts
Vaults:3: 3642 daAuts
Vaults:1: 3205 daAuts
Vaults:4: 3104 daAuts
Vaults:2: 2912 daAuts
Shoals:4: 2671 daAuts
Shoals:2: 2614 daAuts
   Elf:2: 2449 daAuts
  Lair:4: 2275 daAuts
Shoals:1: 2219 daAuts
Spider:3: 2143 daAuts
  Bailey: 1926 daAuts
   Elf:3: 1903 daAuts
  Lair:2: 1898 daAuts
